 Dungeon Crawl Stone Soup version 0.28.0-45-g0d030f2227 (webtiles) character file.

Game seed: 11975126428265136800

7771 DearestLeader the Blocker (level 11, -2/133 HPs)
             Began as a Gnoll Fighter on Mar 31, 2022.
             Was a High Priest of Okawaru.
             Slain by a vampire (5 damage)
             ... on level 9 of the Dungeon.
             The game lasted 00:14:20 (11946 turns).

DearestLeader the Blocker (Gnoll Fighter)          Turns: 11946, Time: 00:14:22

Health: -2/133     AC: 25    Str: 20    XL:     11   Next: 20%
Magic:  20/20      EV:  2    Int:  8    God:    Okawaru [*****.]
Gold:   236        SH:  6    Dex: 11    Spells: 22/22 levels left

rFire   . . .      SeeInvis .   E - +2 broad axe (elec)
rCold   + . .      Faith    .   c - +0 buckler
rNeg    . . .      Spirit   .   (armour currently unavailable)
rPois   +          Reflect  .   (helmet currently unavailable)
rElec   .          Harm     .   (cloak currently unavailable)
rCorr   .          Rampage  .   (gloves currently unavailable)
Will    .....      NoTele   +   (boots currently unavailable)
Stlth   +++.......              (no amulet)
HPRegen 0.32/turn               q - ring of poison resistance
MPRegen 0.17/turn               y - ring of protection from cold

@: brilliant, tree-form
A: stationary, stasis, torment immunity, boosted hp, (fangs 1), strong nose,
distributed training
a: Renounce Religion, Heroism, Finesse, Duel


You were on level 9 of the Dungeon.
You worshipped Okawaru.
Okawaru was extremely pleased with you.
You were a tree.
You visited 3 branches of the dungeon, and saw 11 of its levels.

You collected 411 gold pieces.
You spent 175 gold pieces at shops.

Inventory:

Hand Weapons
 s - a +0 hand crossbow
 E - a +2 broad axe of electrocution (weapon)
Missiles
 b - a boomerang of dispersal
 e - 8 javelins (quivered)
 t - 59 bolts
 H - 2 throwing nets
Armour
 a - a +2 chain mail of willpower (melded)
 c - a +0 buckler (worn)
 i - a +0 helmet (melded)
 j - a +0 pair of gloves (melded)
 k - a +0 cloak (melded)
 p - a +0 kite shield
 G - a +4 scale mail
Jewellery
 o - a ring of ice
 q - a ring of poison resistance (left branch)
 y - a ring of protection from cold (right branch)
Wands
 u - a wand of digging (6)
 C - a wand of flame (13)
Scrolls
 f - 5 scrolls of enchant armour
 g - 3 scrolls of vulnerability
 m - a scroll of silence {unknown}
 n - 2 scrolls of blinking {unknown}
 w - 2 scrolls of noise {unknown}
 A - a scroll of immolation {unknown}
 F - a scroll of magic mapping {unknown}
 I - a scroll of fog {unknown}
 J - 2 scrolls of fear {unknown}
 K - 2 scrolls of teleportation {unknown}
Potions
 d - a potion of might
 h - 2 potions of curing
 l - 2 potions of degeneration
 r - a potion of cancellation {unknown}
 x - a potion of ambrosia
 z - 2 potions of flight
 B - 2 potions of berserk rage
 D - a potion of brilliance
 L - a potion of lignification
Miscellaneous
 v - a piece from Xom's chessboard (15/15)


   Skills:
 + Level 9.0 Fighting
 + Level 6.0 Short Blades
 + Level 6.0 Long Blades
 + Level 7.7 Axes
 + Level 6.0 Maces & Flails
 + Level 6.0 Polearms
 + Level 6.0 Staves
 + Level 6.0 Slings
 + Level 6.0 Bows
 + Level 6.0 Crossbows
 + Level 6.0 Throwing
 + Level 9.0 Armour
 + Level 6.0 Dodging
 + Level 6.0 Stealth
 + Level 9.0 Shields
 + Level 6.0 Unarmed Combat
 + Level 6.0 Spellcasting
 + Level 5.0 Conjurations
 + Level 5.0 Hexes
 + Level 5.0 Summonings
 + Level 5.0 Necromancy
 + Level 5.0 Translocations
 + Level 5.0 Transmutations
 + Level 5.0 Fire Magic
 + Level 5.0 Ice Magic
 + Level 5.0 Air Magic
 + Level 5.0 Earth Magic
 + Level 5.0 Poison Magic
 + Level 6.6 Invocations
 + Level 6.0 Evocations


You had 22 spell levels left.
You didn't know any spells.
Your spell library contained the following spells:

 Spells                   Type           Power      Damage    Failure   Level
 Magic Dart               Conj           60%        1d6       3%          1
 Searing Ray              Conj           30%        2d5       5%          2
 Dazzling Flash           Conj/Hex       30%        N/A       11%         3
 Gell's Gravitas          Tloc           15%        N/A       11%         3
 Ignite Poison            Fire/Tmut/Pois 15%        N/A       11%         3
 Lesser Beckoning         Tloc           15%        N/A       11%         3
 Mephitic Cloud           Conj/Pois/Air  15%        N/A       11%         3
 Teleport Other           Tloc           15%        N/A       11%         3
 Fulminant Prism          Conj/Hex       7%         3d7       36%         4
 Agony                    Necr           15%        N/A       71%         5
 Freezing Cloud           Conj/Ice/Air   7%         6-21      71%         5
 Silence                  Hex/Air        7%         N/A       71%         5
 Dispersal                Tloc           7%         N/A       99%         6
 Disjunction              Tloc           7%         N/A       100%        8


Dungeon Overview and Level Annotations

Branches:
Dungeon (9/15)             Temple (1/1) D:4            Lair (1/6) D:8
    Orc: D:9-12

Altars:
Ashenzari
Cheibriados
Dithmenos
Elyvilon
Fedhas
Gozag
Kikubaaqudgha
Makhleb
Nemelex Xobeh
Okawaru
Qazlal
Ru
Sif Muna
Trog
Wu Jian
Xom
Yredelemnul
Zin

Shops:
D:4 (

Annotations:
D:7 1 transporter, Tarmin's ghost, novice MiBe


Innate Abilities, Weirdness & Mutations

You are a tree.
Your roots penetrate the ground, keeping you stationary.
You cannot be teleported.
You are immune to unholy pain and torment.
Your maximum health is greatly increased.
Your equipment is partially melded.
((You have very sharp teeth.))
Your uncanny sense of smell can sniff out nearby items.
Your experience applies equally to all skills.


Message History

* * * LOW HITPOINT WARNING * * *
Something draws strength from your injuries!
You attack the rock wall.
You feel less invigorated.
You feel less confused. Something hits you but does no damage.
Something bites you but does no damage. Something hits you but does no damage.
You block something's attack.
You barely miss something. Something hits you!
* * * LOW HITPOINT WARNING * * *
Something bites you but does no damage.
You barely miss something.
A vampire appears from thin air!
Reactivating autopickup.
You block the vampire's attack.
The vampire bites you but does no damage.
You slash the vampire!
The vampire is moderately damaged.
The vampire hits you.
* * * LOW HITPOINT WARNING * * *
You block the vampire's attack.
You barely miss the vampire.
The vampire is moderately damaged.
The vampire hits you but does no damage.
The vampire bites you but does no damage.
The vampire hits you.
* * * LOW HITPOINT WARNING * * *
The vampire bites you.
* * * LOW HITPOINT WARNING * * *
The vampire draws strength from your injuries!
You slash the vampire!
The vampire is severely damaged.
The vampire hits you.
* * * LOW HITPOINT WARNING * * *
The vampire bites you!
* * * LOW HITPOINT WARNING * * *
The vampire draws strength from your injuries!
It was a potion of brilliance.
You feel clever all of a sudden. The vampire hits you!
* * * LOW HITPOINT WARNING * * *
The vampire bites you.
You die...

#####################
....................#
#####.#.###########.# .##
#♣#.###########.#
.....##V............#.#
...............####.#.#
.#######..####.## #.#.#
#..........###.#.##
..#####.#..####.....>....
#..........# #.##.###...
#######.#)## #....# #.}.
#.#.# ####.###.#.


You could see a vampire.

Vanquished Creatures
  Harold (D:8)
  Erolcha (D:9)
  A cane toad (Lair:1)
  A komodo dragon (Lair:1)
  2 kobold demonologists (D:8)
  A hornet (D:8)
  The ghost of dangdung the Changer, an amateur OpTm (D:4)
  3 wyverns
  2 steam dragons
  A basilisk (Lair:1)
  Grum (D:8)
  A wraith (D:8)
  6 yaks
  A water moccasin (Lair:1)
  A sky beast (D:7)
  2 orc warriors (D:7)
  3 black bears
  2 hornet zombies
  4 ogres
  4 wolves (D:8)
  A phantom (D:7)
  3 centaurs
  2 bullfrogs (D:7)
  2 scorpions (D:4)
  A water moccasin zombie (D:6)
  5 wights (D:8)
  A howler monkey (D:4)
  5 electric eels
  A bullfrog zombie (D:7)
  2 crimson imps
  A centaur zombie (D:8)
  Crazy Yiuf (D:2)
  A jelly (D:7)
  3 orc priests
  A hound (D:6)
  2 iguanas (D:7)
  An orc wizard (D:7)
  A killer bee zombie (D:6)
  2 hound zombies (D:5)
  A howler monkey skeleton (D:6)
  4 adders
  2 white imps
  An adder skeleton (D:4)
  A worm (D:2)
  25 orcs
  2 ball pythons
  5 endoplasms
  4 giant cockroaches
  3 goblins (D:2)
  10 hobgoblins
  2 quokkas
  6 bats
  3 frilled lizards
  11 kobolds
  9 rats
164 creatures vanquished.

Vanquished Creatures (others)
  3 plants
3 creatures vanquished.

Grand Total: 167 creatures vanquished

Notes
Turn   | Place    | Note
-------+----------+-------------------------------------------
     0 | D:1      | DearestLeader the Gnoll Fighter began the quest for the
                  | Orb.
     0 | D:1      | Reached XP level 1. HP: 23/23 MP: 1/1
    89 | D:1      | Reached XP level 2. HP: 29/29 MP: 2/2
    96 | D:1      | Found a faded altar of an unknown god.
   715 | D:2      | Reached XP level 3. HP: 34/35 MP: 3/3
  1100 | D:2      | Reached skill level 1 in Invocations
  1235 | D:2      | Found a runed translucent door.
  1236 | D:2      | Noticed Crazy Yiuf
  1657 | D:2      | Killed Crazy Yiuf
  1658 | D:2      | Reached skill level 1 in Short Blades
  1658 | D:2      | Reached skill level 1 in Long Blades
  1658 | D:2      | Reached skill level 1 in Maces & Flails
  1658 | D:2      | Reached skill level 1 in Polearms
  1658 | D:2      | Reached skill level 1 in Staves
  1658 | D:2      | Reached skill level 1 in Slings
  1658 | D:2      | Reached skill level 1 in Bows
  1658 | D:2      | Reached skill level 1 in Crossbows
  1658 | D:2      | Reached skill level 1 in Throwing
  1658 | D:2      | Reached skill level 1 in Dodging
  1658 | D:2      | Reached skill level 1 in Stealth
  1658 | D:2      | Reached skill level 1 in Unarmed Combat
  1658 | D:2      | Reached skill level 1 in Spellcasting
  1658 | D:2      | Reached skill level 1 in Evocations
  1658 | D:2      | Reached XP level 4. HP: 16/41 MP: 5/5
  1897 | D:3      | Reached skill level 1 in Conjurations
  1897 | D:3      | Reached skill level 1 in Hexes
  1897 | D:3      | Reached skill level 1 in Summonings
  1897 | D:3      | Reached skill level 1 in Necromancy
  1897 | D:3      | Reached skill level 1 in Translocations
  1897 | D:3      | Reached skill level 1 in Transmutations
  1897 | D:3      | Reached skill level 1 in Fire Magic
  1897 | D:3      | Reached skill level 1 in Ice Magic
  1897 | D:3      | Reached skill level 1 in Air Magic
  1897 | D:3      | Reached skill level 1 in Earth Magic
  1897 | D:3      | Reached skill level 1 in Poison Magic
  2607 | D:3      | Noticed an ogre
  2639 | D:3      | Killed an ogre
  2640 | D:3      | Reached XP level 5. HP: 33/47 MP: 5/7
  2824 | D:4      | Noticed an ogre
  2835 | D:4      | Killed an ogre
  2836 | D:4      | Reached XP level 6. HP: 25/53 MP: 8/8
  2999 | D:4      | Found a staircase to the Ecumenical Temple.
  3022 | D:4      | Reached skill level 5 in Axes
  3032 | Temple   | Entered the Ecumenical Temple
  3122 | Temple   | Became a worshipper of Warmaster Okawaru
  3378 | D:4      | Found Jouphod's Antique Weapon Shoppe.
  3386 | D:4      | Noticed a black bear
  3392 | D:4      | Killed a black bear
  3393 | D:4      | Reached XP level 7. HP: 56/60 MP: 10/10
  3421 | D:4      | Reached * piety under Okawaru
  3447 | D:4      | Found a broken altar of Ashenzari.
  3473 | D:4      | Found an ornate altar of the Wu Jian Council.
  3482 | D:4      | Found a shimmering blue altar of Sif Muna.
  3972 | D:4      | Found a large runed translucent door.
  3972 | D:4      | Found a large runed translucent door.
  3974 | D:4      | Noticed dangdung's ghost (amateur OpTm)
  4211 | D:4      | Found a sacrificial altar of Ru.
  4492 | D:5      | Entered Level 5 of the Dungeon
  4497 | D:5      | Found a shimmering altar of Xom.
  5399 | D:6      | Reached XP level 8. HP: 40/67 MP: 12/12
  6085 | D:6      | Found a basalt altar of Yredelemnul.
  6647 | D:4      | Bought a glowing broad axe for 175 gold pieces
  6694 | D:4      | Killed dangdung's ghost
  6694 | D:4      | Reached ** piety under Okawaru
  6954 | D:7      | Found a transporter.
  6955 | D:7      | Noticed Tarmin's ghost (novice MiBe)
  6958 | D:7      | Identified the +3 dire flail of Hubris {vorpal, rPois rF+}
  6958 | D:7      | Identified the +4 giant club "Vykhisaa" {vamp, rF+}
  6958 | D:7      | Noticed a two-headed ogre
  7038 | D:7      | Reached XP level 9. HP: 15/72 MP: 14/14
  7528 | D:7      | Reached *** piety under Okawaru
  8064 | D:8      | Noticed Harold
  8075 | D:8      | Killed Harold
  8076 | D:8      | Reached skill level 5 in Invocations
  8278 | D:8      | Reached **** piety under Okawaru
  8293 | D:8      | Reached XP level 10. HP: 29/80 MP: 15/17
  8472 | D:8      | Found a staircase to the Lair.
  8715 | D:8      | Found a burning altar of Makhleb.
  8797 | D:8      | Reached skill level 5 in Short Blades
  8797 | D:8      | Reached skill level 5 in Long Blades
  8797 | D:8      | Reached skill level 5 in Maces & Flails
  8797 | D:8      | Reached skill level 5 in Polearms
  8797 | D:8      | Reached skill level 5 in Staves
  8797 | D:8      | Reached skill level 5 in Slings
  8797 | D:8      | Reached skill level 5 in Bows
  8797 | D:8      | Reached skill level 5 in Crossbows
  8797 | D:8      | Reached skill level 5 in Throwing
  8797 | D:8      | Reached skill level 5 in Dodging
  8797 | D:8      | Reached skill level 5 in Stealth
  8797 | D:8      | Reached skill level 5 in Unarmed Combat
  8797 | D:8      | Reached skill level 5 in Spellcasting
  8797 | D:8      | Reached skill level 5 in Evocations
  9031 | D:8      | Noticed Grum
  9046 | D:8      | Killed Grum
  9049 | D:8      | HP: 4/82 [wolf[Grum] (7)]
  9051 | D:8      | HP: 1/82 [wolf[Grum] (3)]
  9054 | D:8      | Received a gift from Okawaru
  9548 | D:8      | Found a shadowy altar of Dithmenos.
  9752 | D:9      | Noticed a kobold demonologist
  9752 | D:9      | Noticed a kobold demonologist
 10071 | D:8      | Noticed a rust devil
 10073 | D:8      | Killed a kobold demonologist
 10081 | D:8      | Killed a kobold demonologist
 10138 | Lair:1   | Entered Level 1 of the Lair of Beasts
 10192 | Lair:1   | Reached ***** piety under Okawaru
 10471 | Lair:1   | Noticed a cane toad
 10480 | Lair:1   | Killed a cane toad
 10480 | Lair:1   | Received a gift from Okawaru
 10863 | Lair:1   | Reached XP level 11. HP: 75/87 MP: 19/19
 11789 | D:9      | Noticed Erolcha
 11801 | D:9      | Killed Erolcha
 11802 | D:9      | Reached skill level 5 in Conjurations
 11802 | D:9      | Reached skill level 5 in Hexes
 11802 | D:9      | Reached skill level 5 in Summonings
 11802 | D:9      | Reached skill level 5 in Necromancy
 11802 | D:9      | Reached skill level 5 in Translocations
 11802 | D:9      | Reached skill level 5 in Transmutations
 11802 | D:9      | Reached skill level 5 in Fire Magic
 11802 | D:9      | Reached skill level 5 in Ice Magic
 11802 | D:9      | Reached skill level 5 in Air Magic
 11802 | D:9      | Reached skill level 5 in Earth Magic
 11802 | D:9      | Reached skill level 5 in Poison Magic
 11946 | D:9      | HP: 3/133 [vampire (7)]
 11946 | D:9      | Slain by a vampire

Illustrated notes

Levels and vault maps discovered:
D:1:      minmay_arrival_shattered_statue, layout_basic,
          dreamdust_ecumenical_altar_grove, hangedman_abyss_or_decor_lesser_grid
D:2:      layout_basic, uniq_crazy_yiuf_cottage
D:3:      wad_pebble_path, layout_rooms, minmay_checkerbox
D:4:      layout_loops_ring, mainiacjoe_overflow_small_starburst,
          nicolae_ru_the_path_less_chosen,
          chequers_temple_overflow_statue_of_worship,
          minmay_temple_entry_crystal_x, ebering_ghost_disaster_area,
          serial_shops, nicolae_shop_temple_entry_statues_fountains
D:5:      layout_basic, xom_butterflies, minmay_fire_ice_demons
D:6:      layout_loops_ring, lemuel_zombie_altar_yredelemnul,
          serial_bayou_ford_a, minmay_misc_feat_tower,
          hellmonk_bongcloud_opening, nicolae_figureground_pulse
D:7:      layout_loops_ring, gammafunk_ghost_smash
D:8:      layout_basic, makhleb_grotto_becter, mainiacjoe_overflow_alcove_2,
          david_lair_generic, uniq_harold, uniq_grum
D:9:      layout_loops_ring, minitemple, serial_bayou_lake_a, uniq_erolcha
Temple:   zaba_magenta_temple
Lair:1:   layout_regular_city, grunt_forest_small_clearings, serial_bayou_pond_a

Skill      XL: |  1  2  3  4  5  6  7  8  9 10 11 |
---------------+----------------------------------+-----
Invocations    | 1 2 3 4 5 6 |  6.6
Short Blades   | 1 2 3 4 5 6 |  6.0
Long Blades    | 1 2 3 4 5 6 |  6.0
Maces & Flails | 1 2 3 4 5 6 |  6.0
Polearms       | 1 2 3 4 5 6 |  6.0
Staves         | 1 2 3 4 5 6 |  6.0
Slings         | 1 2 3 4 5 6 |  6.0
Bows           | 1 2 3 4 5 6 |  6.0
Crossbows      | 1 2 3 4 5 6 |  6.0
Throwing       | 1 2 3 4 5 6 |  6.0
Dodging        | 1 2 3 4 5 6 |  6.0
Stealth        | 1 2 3 4 5 6 |  6.0
Unarmed Combat | 1 2 3 4 5 6 |  6.0
Spellcasting   | 1 2 3 4 5 6 |  6.0
Evocations     | 1 2 3 4 5 6 |  6.0
Conjurations   | 1 2 3 4 5 |  5.0
Hexes          | 1 2 3 4 5 |  5.0
Summonings     | 1 2 3 4 5 |  5.0
Necromancy     | 1 2 3 4 5 |  5.0
Translocations | 1 2 3 4 5 |  5.0
Transmutations | 1 2 3 4 5 |  5.0
Fire Magic     | 1 2 3 4 5 |  5.0
Ice Magic      | 1 2 3 4 5 |  5.0
Air Magic      | 1 2 3 4 5 |  5.0
Earth Magic    | 1 2 3 4 5 |  5.0
Poison Magic   | 1 2 3 4 5 |  5.0
Axes           | 5 6 7 |  7.7
Fighting       | 7 8 9 |  9.0
Armour         | 7 8 9 |  9.0
Shields        | 7 8 9 |  9.0

Action                   |  1- 3 |  4- 6 |  7- 9 | 10-12 || total
-------------------------+-------+-------+-------+-------++-------
Melee: War axe           |    87 |   125 |   125 |       ||   337
       Bite              |     5 |    16 |    15 |    20 ||    56
       Broad axe         |       |       |   102 |   160 ||   262
Throw: Javelin           |       |       |       |     1 ||     1
Invok: Heroism           |       |       |     1 |     2 ||     3
       Finesse           |       |       |       |     1 ||     1
  Use: Potion            |       |     1 |       |     7 ||     8
       Scroll            |       |       |       |     6 ||     6
Armor: Scale mail        |    40 |    51 |    69 |       ||   160
       Chain mail        |       |       |    37 |    91 ||   128
       Skin              |       |       |       |    19 ||    19
Dodge: Dodged            |    29 |    65 |   113 |    56 ||   263
Block: Buckler           |    31 |    29 |    61 |    43 ||   164
